 Dungeon Crawl Stone Soup version 0.28-a0-821-g923ab73998 (webtiles) character file.

Game seed: 15881272905211593746

9 Gargoyl the Skirmisher (level 2, -5/29 HPs)
             Began as a Gnoll Abyssal Knight on Nov 9, 2021.
             Was a Follower of Lugonu.
             Slain by Natasha (7 damage)
             ... on level 1 of the Dungeon.
             The game lasted 00:01:11 (519 turns).

Gargoyl the Skirmisher (Gnoll Abyssal Knight)        Turns: 519, Time: 00:01:11

Health: -5/29      AC:  4    Str: 12    XL:     2   Next: 12%
Magic:  5/5        EV: 12    Int:  9    God:    Lugonu [*.....]
Gold:   4          SH:  0    Dex: 12    Spells: 1/1 levels left

rFire   . . .      SeeInvis .   a - +1 hand axe
rCold   . . .      Faith    .   (no shield)
rNeg    . . .      Spirit   .   b - +0 leather armour
rPois   .          Reflect  .   (no helmet)
rElec   .          Harm     .   c - +0 cloak
rCorr   .          Rampage  .   (no gloves)
Will    .....                   (no boots)
Stlth   +.........              (no amulet)
HPRegen 0.09/turn               (no ring)
MPRegen 0.09/turn               (no ring)

@: slowed, very slow
A: fangs 1, strong nose, distributed training
a: Renounce Religion, Depart the Abyss


You were on level 1 of the Dungeon.
You worshipped Lugonu.
Lugonu was aware of your devotion.
You visited 1 branch of the dungeon, and saw 2 of its levels.
You visited the Abyss 1 time.

You collected 4 gold pieces.

Inventory:

Hand Weapons
 a - a +1 hand axe (weapon)
Armour
 b - a +0 leather armour (worn)
 c - a +0 cloak (worn)


   Skills:
 + Level 6.4 Fighting
 + Level 0.3 Short Blades
 + Level 0.3 Long Blades
 + Level 4.4 Axes
 + Level 0.3 Maces & Flails
 + Level 0.3 Polearms
 + Level 0.3 Staves
 + Level 0.3 Slings
 + Level 0.3 Bows
 + Level 0.3 Crossbows
 + Level 0.3 Throwing
 + Level 4.4 Armour
 + Level 2.4 Dodging
 + Level 0.3 Stealth
 + Level 0.3 Shields
 + Level 0.3 Unarmed Combat
 + Level 0.3 Spellcasting
 + Level 0.2 Conjurations
 + Level 0.2 Hexes
 + Level 0.2 Summonings
 + Level 0.2 Necromancy
 + Level 0.2 Translocations
 + Level 0.2 Transmutations
 + Level 0.2 Fire Magic
 + Level 0.2 Ice Magic
 + Level 0.2 Air Magic
 + Level 0.2 Earth Magic
 + Level 0.2 Poison Magic
 + Level 4.5 Invocations
 + Level 0.3 Evocations


You had one spell level left.
You didn't know any spells.
Your spell library was empty.

Dungeon Overview and Level Annotations

Branches:
Dungeon (2/15)

Altars:

Annotations:
D:1 Natasha


Innate Abilities, Weirdness & Mutations

You have very sharp teeth.
Your uncanny sense of smell can sniff out nearby items.
Your experience applies equally to all skills.


Message History

You kill the ball python!
Lugonu accepts your kill. The bat barely misses you.
The hobgoblin closely misses you. Natasha closely misses you.
The bat barely misses you. The hobgoblin barely misses you.
You closely miss Natasha. You closely miss the bat. You hit the hobgoblin.
The bat hits you but does no damage. Natasha claws you but does no damage.
The hobgoblin hits you but does no damage.
Natasha casts a spell at you. The magic dart hits you.
Unknown command.
You aren't carrying any potions.
You aren't carrying any scrolls.
You barely miss Natasha. You barely miss the bat. You hit the hobgoblin.
You kill the hobgoblin!
Lugonu accepts your kill. The bat misses you.
The bat hits you but does no damage. Natasha claws you!
* * * LOW HITPOINT WARNING * * *
The bat closely misses you. Natasha barely misses you.
You have reached level 2!
You closely miss Natasha. You hit the bat.
You kill the bat!
Lugonu accepts your kill. Natasha claws you.
* * * LOW HITPOINT WARNING * * *
Unknown command.
Unknown command.
You hit Natasha.
Natasha is moderately wounded.
Natasha barely misses you.
Natasha mumbles some strange words.
Unknown command.
You closely miss Natasha. Your bite misses Natasha.
Natasha is moderately wounded.
Natasha closely misses you.
Unknown command.
You hit Natasha but do no damage. Your bite misses Natasha.
Natasha is moderately wounded.
You hit the crimson imp. Natasha claws you!
You die...

############
#..........#
#..........#
#....5.....##
#....@h......
#####.#######
... .....
.......
.........
...........
#............


You could see Natasha and a crimson imp (summoned).

Vanquished Creatures
  A bat (D:1)
  A goblin (D:2)
  A hobgoblin (D:1)
  A quokka (D:1)
  A ball python (D:1)
  A frilled lizard (D:1)
  2 kobolds (D:1)
  A rat (D:1)
9 creatures vanquished.

Notes
Turn   | Place    | Note
-------+----------+-------------------------------------------
     0 | Abyss:1  | Gargoyl the Gnoll Abyssal Knight began the quest for the
                  | Orb.
     0 | Abyss:1  | Reached XP level 1. HP: 23/23 MP: 3/3
    78 | Abyss:1  | Noticed a ynoxinul
    79 | Abyss:1  | Noticed an ancient zyme
    81 | Abyss:1  | Noticed an ancient zyme
   149 | Abyss:3  | Found a corrupted altar of Lugonu.
   171 | Abyss:3  | Noticed a thrashing horror
   171 | Abyss:3  | Noticed a thrashing horror
   178 | D:1      | Escaped the Abyss
   488 | D:1      | You fall into a shaft and drop 1 floor!
   489 | D:2      | Noticed Natasha
   490 | D:2      | Noticed an iron imp
   492 | D:2      | Reached * piety under Lugonu
   516 | D:1      | Reached XP level 2. HP: 4/29 MP: 5/5
   516 | D:1      | HP: 1/29 [Natasha (3)]
   518 | D:1      | Noticed a crimson imp
   519 | D:1      | Slain by Natasha

Illustrated notes

Levels and vault maps discovered:
D:1:      beargit_arrival_greenhouse, layout_basic, st_stairs_10
D:2:      layout_rooms, shapermc_ecumenical_altar_ellora, uniq_natasha

Action                   || total
-------------------------++-------
Melee: Hand axe          ||    20
       Bite              ||     2
Invok: Depart the Abyss  ||     1
  Use: Scroll            ||     1
Armor: Leather armour    ||    16
Dodge: Dodged            ||    54

Table legend: (Time is in decaauts)
 A = Elapsed time spent in this place.
 B = Non-inter-level travel time spent in this place.
 C = Inter-level travel time spent in this place.
 D = Time resting spent in this place.
 E = Time spent auto-exploring this place.
 F = Levels seen in this place.
 G = Mean time per level.
                   A        B        C        D        E       F      G
               +--------+--------+--------+--------+--------+-----+--------+
         Total |    526 |    526 |      0 |      0 |    383 |   5 |  105.2 |
       Dungeon |    348 |    348 |      0 |      0 |    285 |   2 |  174.0 |
         Abyss |    177 |    177 |      0 |      0 |     98 |   3 |   59.0 |
               +--------+--------+--------+--------+--------+-----+--------+

Top non-repeatable levels by time:
     D:1: 322 daAuts
 Abyss:1: 129 daAuts
 Abyss:3: 28 daAuts
     D:2: 25 daAuts
 Abyss:2: 19 daAuts
